Map: Prion Terraces

Players

Neeb - Winner!

  • Race: Protoss Protoss

Lilbow

  • Race: Protoss Protoss

Event: DreamHack Open Tours WCS Spring Championship

VOD

Have the link to the VOD?

Description

Time

  • Played on: May 14, 2016, 4:26 a.m.
  • Length: 8:57

All games in this series

Show
View Real Time Build Order
Export as new Build Order

Neeb Protoss - Winner!

Build Orders: Oracle Opening 

Get SALT Encoding   

  12  0:01  Probe (Chrono Boost)  
  13  0:11  Probe (Chrono Boost)  
  14  0:18  Pylon  
  14  0:22  Probe (Chrono Boost)  
  15  0:36  Probe (Chrono Boost)  
  15  0:37  Gateway  
  16  0:46  Assimilator  
  16  0:47  Probe (Chrono Boost)  
  17  0:52  Assimilator  
  17  0:57  Probe (Chrono Boost)  
  18  1:04  Gateway  
  18  1:09  Probe (Chrono Boost)  
  19  1:19  Probe (Chrono Boost)  
  19  1:24  Cybernetics Core  
  20  1:30  Probe (Chrono Boost)  
  21  1:36  Pylon  
  21  1:41  Probe (Chrono Boost)  
  22  1:51  Probe (Chrono Boost)  
  23  2:00  Adept  
  23  2:01  Warp Gate (Chrono Boost), Adept  
  27  2:04  Probe (Chrono Boost)  
  28  2:14  Pylon  
  28  2:18  Mothership Core (Chrono Boost)  
  30  2:32  Stargate  
  30  2:36  Stalker  
  32  2:45  Stalker  
  31  3:12  Probe  
  31  3:14  Nexus  
  31  3:20  Oracle (Chrono Boost)  
  31  3:25  Probe  
  35  3:30  Pylon  
  35  3:37  Probe  
  36  3:49  Probe (Chrono Boost)  
  36  3:54  Robotics Facility  
  37  4:00  Probe (Chrono Boost)  
  38  4:11  Probe (Chrono Boost)  
  38  4:12  Twilight Council  
  39  4:21  Probe (Chrono Boost)  
  40  4:27  Stalker  
  44  4:32  Probe (Chrono Boost)  
  44  4:34  Probe (Chrono Boost)  
  44  4:35  Sentry  
  46  4:39  Blink (Chrono Boost)  
  46  4:42  Probe (Chrono Boost)  
  46  4:44  Probe (Chrono Boost)  
  48  4:52  Assimilator  
  48  4:53  Probe x2  
  48  4:56  Assimilator  
  50  5:03  Pylon  
  50  5:05  Observer, Probe x2  
  53  5:16  Probe  
  53  5:17  Probe  
  53  5:20  Nexus  
  55  5:27  Sentry, Probe  
  58  5:29  Immortal (Chrono Boost), Probe  
  63  5:36  Gateway  
  63  5:37  Stalker  
  63  5:40  Probe  
  66  5:43  Pylon  
  66  5:47  Probe  
  67  5:50  Forge  
  67  5:53  Sentry  
  67  5:54  Probe  
  70  6:01  Probe, Pylon  
  71  6:06  Immortal (Chrono Boost)  
  71  6:10  Gateway  
  75  6:16  Gateway  
  75  6:21  Gateway  
  75  6:23  Probe x2  
  77  6:27  Protoss Ground Weapons Level 1 (Chrono Boost)  
  77  6:31  Pylon  
  77  6:32  Sentry x2  
  81  6:35  Immortal (Chrono Boost)  
  85  6:48  Probe x2  
  85  6:49  Probe  
  85  6:50  Stalker  
  90  6:54  Gateway  
  90  6:58  Pylon  
  90  6:59  Stalker  
  92  7:10  Immortal  
  92  7:11  Stalker x2  
  100  7:19  Stalker x2  
  100  7:20  Stalker  
  106  7:34  Stalker x3, Pylon  
  106  7:35  Pylon  
  112  7:43  Adept x2  
  116  7:47  Immortal  
  116  7:52  Adept x2  
  116  7:53  Pylon  
  116  7:55  Pylon  
  124  8:04  Adept x4  
  126  8:19  Stalker  
  112  8:20  Stalker x2  
  112  8:23  Probe  
  112  8:27  Probe  
  109  8:28  Probe  
  109  8:33  Stalker  
  109  8:34  Stalker x2  
  113  8:38  Assimilator  
  113  8:39  Assimilator  
Show
View Real Time Build Order
Export as new Build Order

Lilbow Protoss 

Build Orders: Oracle Opening 

Get SALT Encoding   

  12  0:00  Probe (Chrono Boost)  
  13  0:11  Probe (Chrono Boost)  
  14  0:17  Pylon  
  14  0:22  Probe (Chrono Boost)  
  15  0:35  Probe (Chrono Boost), Gateway  
  16  0:41  Assimilator  
  16  0:45  Probe (Chrono Boost)  
  17  0:56  Probe (Chrono Boost)  
  18  1:02  Assimilator  
  18  1:06  Probe (Chrono Boost)  
  18  1:07  Gateway  
  19  1:17  Probe (Chrono Boost)  
  20  1:22  Cybernetics Core  
  20  1:28  Probe (Chrono Boost)  
  20  1:30  Pylon  
  21  1:38  Probe (Chrono Boost)  
  22  1:49  Probe (Chrono Boost)  
  23  1:59  Stalker (Chrono Boost)  
  23  2:00  Warp Gate (Chrono Boost)  
  27  2:01  Stalker (Chrono Boost)  
  27  2:10  Mothership Core  
  27  2:12  Pylon  
  29  2:29  Sentry (Chrono Boost)  
  31  2:31  Probe  
  32  2:42  Stalker (Chrono Boost)  
  32  2:43  Probe  
  35  2:56  Nexus  
  37  2:58  Sentry (Chrono Boost)  
  37  3:10  Probe  
  37  3:13  Pylon  
  37  3:18  Oracle  
  37  3:22  Probe (Chrono Boost)  
  37  3:23  Robotics Facility  
  38  3:34  Probe (Chrono Boost)  
  39  3:44  Probe (Chrono Boost)  
  40  3:55  Probe (Chrono Boost)  
  41  4:05  Probe (Chrono Boost)  
  41  4:07  Sentry, Stalker  
  41  4:09  Probe (Chrono Boost)  
  47  4:11  Observer  
  47  4:16  Probe (Chrono Boost)  
  47  4:19  Probe (Chrono Boost)  
  46  4:27  Probe (Chrono Boost)  
  46  4:30  Probe (Chrono Boost)  
  48  4:37  Immortal, Probe (Chrono Boost)  
  53  4:40  Probe (Chrono Boost)  
  54  4:47  Assimilator  
  54  4:48  Probe (Chrono Boost), Pylon  
  54  4:49  Assimilator  
  54  4:51  Probe (Chrono Boost)  
  56  4:54  Forge  
  56  4:56  Twilight Council  
  56  4:58  Probe (Chrono Boost)  
  57  5:01  Probe (Chrono Boost)  
  57  5:04  Phoenix  
  57  5:09  Probe (Chrono Boost)  
  57  5:12  Probe (Chrono Boost)  
  59  5:14  Protoss Ground Weapons Level 1  
  59  5:19  Probe (Chrono Boost)  
  59  5:20  Nexus  
  60  5:24  Probe (Chrono Boost)  
  60  5:29  Pylon  
  60  5:30  Probe (Chrono Boost)  
  60  5:34  Resonating Glaives (Chrono Boost)  
  61  5:37  Stalker x2  
  65  5:46  Gateway  
  65  5:50  Gateway  
  65  5:55  Pylon  
  65  5:59  Phoenix  
  65  6:01  Adept x2  
  69  6:14  Gateway  
  69  6:16  Gateway  
  69  6:22  Probe x2, Adept  
  69  6:23  Adept  
  75  6:29  Warp Prism  
  75  6:32  Gateway  
  77  6:43  Gateway  
  77  6:46  Pylon  
  77  6:51  Adept x3  
  77  6:52  Adept  
  85  6:56  Pylon  
  85  7:13  Adept x2  
  85  7:14  Adept x4  
  95  7:34  Adept x5  
  95  7:35  Adept  
  107  7:55  Adept x5  
  117  7:58  Pylon  
  85  8:26  Adept x2  
  85  8:27  Adept x4  
  75  8:28  Adept  

Tags
 
Add a new tag
Caveats
  • Supply blocks, unpowered buildings, or Contaminate may cause inaccurate times.
  • Supply counts are checked every 10 seconds.